 Dungeon Crawl Stone Soup version 0.30-a0-900-g23479c02f2 (webtiles) character file.

Game seed: 12949647038129923461

354 NotreDorf the Caller (level 6, -1/27 (28) HPs)
             Began as a Felid Summoner on Mar 18, 2023.
             Slain by Edmund
             ... wielding a +4 flail of draining
              (3 damage)
             ... on level 6 of the Dungeon.
             The game lasted 00:29:05 (5956 turns).

NotreDorf the Caller (Felid Summoner)               Turns: 5956, Time: 00:29:07

HP:   -1/27 (28)    AC:  2    Str:  4    XL:     6   Next: 35%
MP:   17/21         EV: 19    Int: 24    God:
Gold: 298           SH:  0    Dex: 17    Spells: 3/12 levels left
                                        Lives: 0   Deaths: 2

rFire   . . .      SeeInvis +      - Unarmed
rCold   . . .      Faith    .    (shield unavailable)
rNeg    . . .      Spirit   .    (body armour unavailable)
rPois   .          Reflect  .    (helmet unavailable)
rElec   .          Rampage  .    (cloak unavailable)
rCorr   .                        (gloves unavailable)
Will    .....                    (boots unavailable)
Stlth   +++                      (no amulet)
HPRegen 0.24/turn                t - +6 ring of intelligence
MPRegen 0.17/turn                v - ring of magical power

@: lightly drained, quick
A: very small, claws 1, fangs 3, see invisible, speed 1, shaggy fur 2, stealthy
paws, no weapons or thrown items, no armour, multi-lived
a: no special abilities


You were on level 6 of the Dungeon.
You visited 1 branch of the dungeon, and saw 6 of its levels.

You collected 298 gold pieces.

Inventory:

Jewellery
 d - a ring of fire
 g - a ring of positive energy
 m - a ring of flight
 t - a +6 ring of intelligence (left paw)
 v - a ring of magical power (right paw)
Wands
 u - a wand of charming (26)
Scrolls
 b - 3 scrolls of identify {unknown}
 c - a scroll of torment {unknown}
 e - 3 scrolls of teleportation {unknown}
 f - a scroll of silence {unknown}
 h - a scroll of fear {unknown}
 j - a scroll of summoning {unknown}
 k - 2 scrolls of amnesia {unknown}
 o - a scroll of magic mapping {unknown}
 r - a scroll of immolation {unknown}
 x - a scroll of enchant weapon {unknown}
 y - a scroll of fog {unknown}
Potions
 a - a potion of magic
 i - 3 potions of brilliance
 l - a potion of heal wounds
 n - a potion of resistance {unknown}
 p - 3 potions of curing {unknown}
 q - a potion of might {unknown}
 s - a potion of invisibility {unknown}
 w - a potion of berserk rage {unknown}


   Skills:
 + Level 3.2 Fighting
 - Level 5.0 Dodging
 - Level 5.3 Stealth
 + Level 3.1 Unarmed Combat
 + Level 3.9 Spellcasting
 + Level 1.6 Hexes
 + Level 5.5 Summonings


You had 3 spell levels left.
You knew the following spells:

 Your Spells              Type           Power      Damage    Failure   Level
a - Summon Small Mammal   Summ           100%       N/A       1%          1
b - Call Imp              Summ           31%        N/A       1%          2
c - Call Canine Familiar  Summ           31%        N/A       3%          3
d - Summon Guardian Gole  Hex/Summ       21%        N/A       7%          3

Your spell library contained the following spells:

 Spells                   Type           Power      Damage    Failure   Level
 Magic Dart               Conj           16%        1d3       10%         1
 Searing Ray              Conj           8%         2d4       16%         2
 Mephitic Cloud           Conj/Pois/Air  4%         N/A       30%         3
 Summon Lightning Spire   Summ/Air       18%        N/A       30%         4
 Fulminant Prism          Conj/Hex       4%         3d5       56%         4


Dungeon Overview and Level Annotations

Branches:
Dungeon (6/15)
 Temple: D:4-7

Altars:
Qazlal
Wu Jian

Annotations:
D:5 3 runed translucent doors, hikkokomori's ghost, novice MfGl
D:6 1 runed translucent door, Crazy Yiuf; Edmund


Innate Abilities, Weirdness & Mutations

You have sharp claws.
You have razor-sharp teeth.
You have supernaturally acute eyesight. (SInv)
You cover ground quickly. (Speed+)
You are covered in thick fur. (AC +2)
Your paws help you pounce on unaware monsters.
You are incapable of wielding weapons or throwing items.
You cannot wear armour.
You gain extra lives every three experience levels.


Message History

Press: ? - help, Dir - move target, f - scorpion
Aim: a scorpion Attack!
Edmund the Younger comes into view.
He is wielding a +4 flail of draining.
Your hound bites the scorpion.
Your quokka bites the scorpion but does no damage.
Your crimson imp blinks!
Your hound closely misses the scorpion.
The scorpion stings you.
Your quokka bites the scorpion.
Your quokka closely misses the scorpion.
Your hound barely misses the scorpion.
Your hound barely misses the scorpion.
The scorpion stings you!
Your quokka bites the scorpion.
Your quokka closely misses the scorpion.
Your hound barely misses the scorpion.
You see here a wand of charming (11).
u - a wand of charming (26) (gained 11 charges)
Your hound bites the scorpion.
Edmund says, "People accused me of being a cutpurse!"
The scorpion stings you but does no damage.
Your quokka barely misses the scorpion.
Your crimson imp blinks!
Your quokka closely misses the scorpion.
You scratch the scorpion.
The scorpion is severely wounded.
Your quokka bites the scorpion but does no damage.
The scorpion stings you.
Your quokka bites the scorpion.
Your crimson imp hits Edmund.
Your hound bites the scorpion.
Found an orange potion.
Your quokka misses the scorpion.
Your quokka bites the scorpion.
The scorpion closely misses your quokka.
Your hound closely misses the scorpion.
Edmund misses you.
Your quokka closely misses the scorpion.
Your quokka bites the scorpion.
The scorpion dies!
Your hound barely misses Edmund.
Edmund hits you with a +4 flail of draining!
* * * LOW HITPOINT WARNING * * *
You feel drained.
You die...

#.....#
####.....#
..........#+###
..............#
............r..#
............r..#
............5h.#
.............@.#
............@.#
....$..........#
..............#
...........#
...........#
...........#
..........!#
........####


You could see Edmund (fast, ally target), a friendly hound (summoned), a
friendly crimson imp (summoned) and 2 friendly quokkas.

Vanquished Creatures
  A sleepcap (D:5)
  2 orc wizards
  2 adders (D:2)
  A ball python (D:4)
  An endoplasm (D:1)
  A goblin (D:1)
  4 hobgoblins
  A quokka (D:4)
  A bat (D:1)
14 creatures vanquished.

Vanquished Creatures (collateral kills)
  2 ice beasts
  A black bear (D:5)
  A centaur (D:5)
  An ogre (D:5)
  A bullfrog (D:6)
  2 scorpions
  A hound (D:4)
  An orc priest (D:4)
  6 adders
  4 worms
  12 orcs
  6 endoplasms
  6 giant cockroaches
  2 hobgoblins
  2 jackals (D:1)
  6 kobolds
  2 quokkas
  7 ball pythons
  2 bats (D:2)
  2 frilled lizards
  9 goblins
  3 rats
79 creatures vanquished.

Grand Total: 93 creatures vanquished

Notes
Turn   | Place    | Note
-------+----------+-------------------------------------------
     0 | D:1      | NotreDorf the Felid Summoner began the quest for the Orb.
     0 | D:1      | Reached XP level 1. HP: 7/7 MP: 4/4
   291 | D:1      | Reached XP level 2. HP: 9/11 MP: 0/6
   751 | D:1      | Reached XP level 3. HP: 13/15 MP: 0/7
  1135 | D:1      | Learned a level 2 spell: Call Imp
  1139 | D:1      | Learned a level 3 spell: Call Canine Familiar
  2056 | D:2      | Reached skill level 1 in Unarmed Combat
  2056 | D:2      | Reached XP level 4. HP: 6/18 MP: 2/8
  2207 | D:2      | Reached skill level 1 in Fighting
  2930 | D:3      | Reached XP level 5. HP: 22/22 MP: 6/10
  3290 | D:3      | Learned a level 3 spell: Summon Guardian Golem
  4028 | D:4      | Gained mutation: You are covered in thick fur. (AC +2)
                  | [Felid growth]
  4028 | D:4      | Reached XP level 6. HP: 26/26 MP: 11/11
  4623 | D:5      | Entered Level 5 of the Dungeon
  4727 | D:5      | Reached skill level 5 in Summonings
  4838 | D:5      | Noticed an ice beast
  4858 | D:5      | Killed an ice beast
  4859 | D:5      | Reached skill level 5 in Stealth
  4859 | D:5      | Reached XP level 7. HP: 30/30 MP: 13/13
  4884 | D:5      | Shot with an arrow by a centaur
  4885 | D:5      | Reached XP level 6. HP: -2/27 MP: 12/21
  5036 | D:5      | Reached skill level 5 in Dodging
  5442 | D:5      | Noticed hikkokomori's ghost (novice MfGl)
  5444 | D:5      | Found a runed translucent gate.
  5445 | D:5      | Found a runed translucent gate.
  5445 | D:5      | Found a runed translucent gate.
  5766 | D:6      | Found a stormy altar of Qazlal.
  5779 | D:6      | Noticed an ice beast
  5796 | D:6      | Killed an ice beast
  5797 | D:6      | Reached skill level 1 in Hexes
  5797 | D:6      | Reached XP level 7. HP: 11/31 MP: 13/13
  5798 | D:6      | Slain by an iguana
  5799 | D:6      | Reached XP level 6. HP: -2/28 MP: 13/21
  5837 | D:6      | Identified the +0 helmet of the Black Moon {Int+4}
  5882 | D:6      | Found a runed translucent door.
  5883 | D:6      | Noticed Crazy Yiuf
  5918 | D:6      | Found an ornate altar of the Wu Jian Council.
  5947 | D:6      | Noticed Edmund
  5956 | D:6      | Slain by Edmund

Illustrated notes

Levels and vault maps discovered:
D:1:      wander_arrival_chamber, layout_basic, nicolae_hexahallways,
          ebering_dispersal_statue_hall
D:2:      layout_loops_ring
D:3:      layout_basic
D:4:      layout_loops_corners, chequers_mini_garden
D:5:      layout_basic, gammafunk_ghost_split
D:6:      layout_gridville, lemuel_crystal_altar, mainiacjoe_overflow_alcove_1,
          temple_fountains, uniq_edmund, uniq_crazy_yiuf_cottage

Skill      XL: |  1  2  3  4  5  6 |
---------------+-------------------+-----
Stealth        | 3 4 5 |  5.3
Dodging        | 3 4 5 |  5.0
Unarmed Combat | 1 2 3 |  3.1
Fighting       | 1 2 3 |  3.2
Spellcasting   | 3 |  3.9
Summonings     | 5 |  5.5
Hexes          | 1 |  1.6

Action                     |  1- 3 |  4- 6 |  7- 9 || total
---------------------------+-------+-------+-------++-------
  Melee: Unarmed           |    46 |    30 |     1 ||    77
         Bite              |     2 |     2 |       ||     4
         Punch             |     1 |     1 |       ||     2
   Cast: Summon Small Mamm |    66 |    95 |     2 ||   163
         Call Imp          |     8 |    36 |     1 ||    45
         Call Canine Famil |       |     8 |     2 ||    10
    Use: Potion            |       |     3 |       ||     3
   Stab: Distracted        |       |     1 |       ||     1
 Armour: Skin              |     3 |    14 |       ||    17
  Dodge: Dodged            |    57 |    35 |     4 ||    96

Table legend: (Time is in decaauts)
 A = Elapsed time spent in this place.
 B = Non-inter-level travel time spent in this place.
 C = Inter-level travel time spent in this place.
 D = Time resting spent in this place.
 E = Time spent auto-exploring this place.
 F = Levels seen in this place.
 G = Mean time per level.
                   A        B        C        D        E       F      G
               +--------+--------+--------+--------+--------+-----+--------+
         Total |   5218 |   5080 |    138 |    330 |   3462 |   6 |  869.7 |
       Dungeon |   5218 |   5080 |    138 |    330 |   3462 |   6 |  869.7 |
               +--------+--------+--------+--------+--------+-----+--------+

Top non-repeatable levels by time:
     D:4: 1136 daAuts
     D:2: 1092 daAuts
     D:1: 1045 daAuts
     D:5: 978 daAuts
     D:3: 802 daAuts
     D:6: 164 daAuts
